 Dungeon Crawl Stone Soup version bcrawl-1.21 (webtiles) character file.

Game seed: 15455655422629787141

1845 Mrkan the Basher (level 8, -5/71 HPs)
             Began as a Minotaur Fighter on Feb 11, 2020.
             Was a Believer of Zin.
             Slain by a gnoll
             ... wielding a +0 halberd
              (12 damage)
             ... on level 6 of the Dungeon.
             The game lasted 00:06:25 (5434 turns).

Mrkan the Basher (Minotaur Fighter)                 Turns: 5434, Time: 00:06:26

Health: -5/71      AC:  7    Str: 22    XL:     8   Next: 88%
Magic:  9/9        EV:  8    Int:  5    God:    Zin [**....]
Gold:   282        SH: 10    Dex: 11    Spells: 7/7 levels left

rFire    . . .     SeeInvis .   a - +0 flail
rCold    . . .     Gourm    .   c - +0 shield
rNeg     . . .     Faith    .   b - +0 scale mail
rPois    .         Spirit   .   (helmet restricted)
rElec    .         Reflect  .   (no cloak)
rCorr    .         Harm     .   (no gloves)
MR       .....                  (no boots)
Stlth    ..........             (no amulet)
HPRegen  0.21/turn              (no ring)
MPRegen  0.11/turn              (no ring)

@: no status effects
A: retaliatory headbutt, horns 2
a: Recite, Vitalisation, Donate Gold, Renounce Religion


You were on level 6 of the Dungeon.
You worshipped Zin.
Zin was pleased with you.
You were not hungry.

You visited 1 branch of the dungeon, and saw 6 of its levels.

You collected 313 gold pieces.
You donated 31 gold pieces to Zin.

Inventory:

Hand Weapons
 a - a +0 flail (weapon)
Armour
 b - a +0 scale mail (worn)
 c - a +0 shield (worn)
Jewellery
 r - an uncursed amulet of regeneration {unknown}
 u - an uncursed ring of see invisible {unknown}
 x - a +5 ring of intelligence {unknown}
Scrolls
 f - 2 scrolls of remove curse {unknown}
 i - a scroll of amnesia {unknown}
 k - a scroll of fog {unknown}
 n - 2 scrolls of enchant armour {unknown}
 o - 3 scrolls of immolation {unknown}
 p - 2 scrolls of teleportation {unknown}
 q - a scroll of magic mapping {unknown}
 s - a scroll of enchant weapon {unknown}
 t - 2 scrolls of identify {unknown}
 v - 2 scrolls of blinking {unknown}
Potions
 d - 2 potions of might
 g - a potion of haste {unknown}
 h - 2 potions of flight {unknown}
 j - a potion of magic {unknown}
 l - a potion of heal wounds {unknown}
 m - a potion of agility {unknown}
Comestibles
 e - 5 rations {!d}


   Skills:
 + Level 6.6 Fighting
 * Level 8.6 Maces & Flails
 + Level 6.8 Armour
 + Level 6.8 Shields
 + Level 3.8 Invocations


You had 7 spell levels left.
You didn't know any spells.
Your spell library was empty.

Dungeon Overview and Level Annotations

Branches:
Dungeon (6/12)
 Temple: D:4-7

Altars:
Cheibriados
Gozag
Hepliaklqana
Nemelex Xobeh
Sif Muna
Xom
Zin


Innate Abilities, Weirdness & Mutations

You reflexively headbutt those who attack you in melee.
You have a pair of horns on your head.


Message History

The gnoll shouts!
A gnoll comes into view. It is wielding a +0 halberd.
There are monsters nearby!
The gnoll shouts!
The gnoll hits you but does no damage. The gnoll barely misses you.
The gnoll hits you from afar with a +0 halberd!
* * * LOW HITPOINT WARNING * * *
You sock the gnoll!
The gnoll is severely wounded.
The gnoll hits you with a +0 spear.
* * * LOW HITPOINT WARNING * * *
You closely miss the gnoll.
The gnoll is severely wounded.
You block the gnoll's attack. The gnoll barely misses you.
You sock the gnoll!
You kill the gnoll!
The gnoll hits you but does no damage. The gnoll hits you with a +0 halberd!
You die...

.## .. . .. .# . #.#
.. .## #.. .##.. #.
.. .... #.
.##.##.#..##.#. ..
.......g....... #..
#@# #.. # #.# ...#
#.#####.## #....)...#
########## #######..#
#.........
#..######.########
######.............#
................###.#
###.#############
#.####


You could see a gnoll.

Vanquished Creatures
  A troll (D:6)
  A hungry ghost (D:5)
  2 ice beasts (D:5)
  A sky beast (D:6)
  A black bear (D:5)
  2 ogres
  A centaur (D:6)
  2 bullfrogs (D:5)
  A scorpion (D:6)
  3 howler monkeys
  2 crimson imps (D:5)
  A bullfrog skeleton (D:2)
  2 jellies (D:5)
  A gnoll shaman (D:6)
  2 hounds
  2 orc wizards (D:5)
  Ijyb (D:4)
  An iguana (D:5)
  3 worker ants
  2 gnolls (D:6)
  7 adders
  2 shadow imps
  An ooze (D:5)
  3 worms
  A dart slug (D:3)
  A leopard gecko (D:3)
  2 orcs
  2 giant cockroaches (D:1)
  5 goblins
  9 hobgoblins
  6 kobolds
  4 quokkas
  4 bats
  3 frilled lizards
  A jackal skeleton (D:5)
  2 quokka skeletons (D:5)
  A quokka zombie (D:6)
  7 rats
93 creatures vanquished.

Notes
Turn   | Place    | Note
-------+----------+-------------------------------------------
     0 | D:1      | Mrkan the Minotaur Fighter began the quest for the Orb.
     0 | D:1      | Reached XP level 1. HP: 19/19 MP: 0/0
    89 | D:1      | Reached XP level 2. HP: 16/27 MP: 1/1
   267 | D:1      | Reached skill level 3 in Maces & Flails
   731 | D:1      | Reached XP level 3. HP: 27/33 MP: 2/2
  1751 | D:2      | Found a shimmering blue altar of Sif Muna.
  1829 | D:3      | Reached XP level 4. HP: 40/40 MP: 3/3
  1952 | D:3      | Noticed an angel
  1953 | D:3      | Found a shimmering altar of Xom.
  1955 | D:3      | Found a glowing silver altar of Zin.
  1964 | D:3      | Reached skill level 4 in Maces & Flails
  1984 | D:3      | Became a worshipper of Zin the Law-Giver
  1984 | D:3      | Reached * piety under Zin
  2060 | D:3      | Found a hazy altar of Hepliaklqana.
  2435 | D:4      | Noticed an ogre
  2439 | D:4      | Killed an ogre
  2439 | D:4      | Reached XP level 5. HP: 30/47 MP: 4/4
  2608 | D:4      | Noticed Ijyb
  2648 | D:4      | Killed Ijyb
  2720 | D:4      | Reached ** piety under Zin
  2790 | D:4      | Reached skill level 5 in Maces & Flails
  3246 | D:4      | Reached XP level 6. HP: 55/55 MP: 5/5
  3331 | D:4      | Reached skill level 5 in Armour
  3331 | D:4      | Reached skill level 1 in Invocations
  3632 | D:5      | Entered Level 5 of the Dungeon
  3642 | D:5      | Reached skill level 5 in Fighting
  3642 | D:5      | Reached skill level 5 in Shields
  3719 | D:5      | Noticed a hungry ghost
  3736 | D:5      | Killed a hungry ghost
  3736 | D:5      | Reached XP level 7. HP: 51/61 MP: 5/7
  3801 | D:5      | Reached skill level 6 in Maces & Flails
  4480 | D:5      | Found an opulent altar of Gozag.
  4508 | D:5      | Reached skill level 7 in Maces & Flails
  4508 | D:5      | Reached XP level 8. HP: 43/70 MP: 7/9
  5046 | D:5      | Found a snail-covered altar of Cheibriados.
  5305 | D:6      | Found a sparkling altar of Nemelex Xobeh.
  5327 | D:6      | Reached skill level 8 in Maces & Flails
  5402 | D:6      | Noticed a troll
  5418 | D:6      | Killed a troll
  5434 | D:6      | Slain by a gnoll

Skill      XL: |  1  2  3  4  5  6  7  8 |
---------------+-------------------------+-----
Maces & Flails | 3 4 5 7 8 |  8.6
Fighting       | 4 5 6 |  6.6
Armour         | 4 5 6 |  6.8
Shields        | 4 5 6 |  6.8
Invocations    | 1 2 3 |  3.8

Action                   |  1- 3 |  4- 6 |  7- 9 || total
-------------------------+-------+-------+-------++-------
Melee: Flail             |    64 |    95 |   189 ||   348
       Headbutt          |     9 |    10 |    40 ||    59
       Unarmed           |       |     7 |       ||     7
  Eat: Chunk             |     1 |     6 |     2 ||     9
       Ration            |       |     1 |     1 ||     2
Armor: Scale mail        |    33 |    41 |    43 ||   117
       Skin              |       |    10 |       ||    10
Dodge: Dodged            |    28 |    32 |    55 ||   115
Block: Shield            |    43 |    59 |    83 ||   185
